 Dungeon Crawl Stone Soup version 0.30-a0-989-g0d87f670db (webtiles) character file.

Game seed: 3532383414538212089

1053 jtron the Thrower (level 8, 0/87 HPs)
             Began as a Gnoll Wanderer on Apr 4, 2023.
             Was a Follower of Dithmenos.
             Slain by Edmund
             ... wielding a +2 flail of protection
              (4 damage)
             ... on level 6 of the Dungeon.
             The game lasted 00:19:56 (4067 turns).

jtron the Thrower (Gnoll Wanderer)                  Turns: 4067, Time: 00:19:57

Health: 0/87       AC: 24    Str: 16    XL:     8   Next: 26%
Magic:  3/14       EV:  2    Int: 14    God:    Dithmenos [*.....]
Gold:   190        SH:  6    Dex: 20    Spells: 11/15 levels left

rFire   . . .      SeeInvis .    a - +2 dagger
rCold   . . .      Faith    .    c - +0 buckler
rNeg    . . .      Spirit   .    e - melded +0 robe
rPois   +          Reflect  .    r - melded +0 helmet
rElec   .          Rampage  .    y - melded +0 cloak
rCorr   .          NoTele   +    l - melded +3 pair of gloves "Sogezxeg" {Rampage rF++ Will- SInv}
Will    .....                    k - melded +1 pair of boots {Fly}
Stlth   +++                      h - amulet "Bosaudgh" {Acrobat Drain rPois Str+7}
HPRegen 0.34/turn                u - +6 ring of dexterity
MPRegen 0.14/turn                (no ring)

@: tree-form, very slightly contaminated, wreathed by umbra
A: stationary, stasis, torment immunity, boosted hp, (fangs 1), strong nose,
distributed training, MP-powered wands
a: Renounce Religion


You were on level 6 of the Dungeon.
You worshipped Dithmenos.
Dithmenos was aware of your devotion.
You were a tree.
You visited 1 branch of the dungeon, and saw 6 of its levels.

You collected 190 gold pieces.

Inventory:

Hand Weapons
 a - a +2 dagger (weapon)
 b - a +0 sling
 i - a +2 antimagic scythe
Missiles
 m - a curare-tipped dart (quivered)
 o - 7 stones
Armour
 c - a +0 buckler (worn)
 e - a +0 robe (melded)
 k - a +1 pair of boots of flying (melded)
 l - the +3 pair of gloves "Sogezxeg" (melded) {Rampage rF++ Will- SInv}
   (You acquired it on level 4 of the Dungeon)

   rF:        It greatly protects you from fire.
   SInv:      It lets you see invisible.
   Rampage:   It bestows one free step when moving towards enemies.
   Will:      It decreases your willpower.
 r - a +0 helmet (melded)
 y - a +0 cloak (melded)
Magical Staves
 s - a staff of earth
Jewellery
 h - the amulet "Bosaudgh" (around neck) {Acrobat Drain rPois Str+7}
   (You acquired it on level 4 of the Dungeon)

   [amulet of the acrobat]

   It increases your evasion while moving and waiting.
   Str:       It affects your strength (+7).
   rPois:     It protects you from poison.
   Drain:     It drains your maximum health when unequipped.
 j - a ring of ice
 u - a +6 ring of dexterity (left branch)
Wands
 q - a wand of polymorph (15)
 z - a wand of iceblast (4)
Scrolls
 p - 2 scrolls of identify
Potions
 d - 2 potions of attraction
 n - a potion of cancellation
 t - a potion of lignification
 w - 2 potions of flight


   Skills:
 + Level 3.2 Fighting
 + Level 3.2 Short Blades
 + Level 3.2 Long Blades
 + Level 3.2 Axes
 + Level 3.2 Maces & Flails
 + Level 3.2 Polearms
 + Level 3.2 Staves
 + Level 3.2 Ranged Weapons
 + Level 10.9 Throwing
 + Level 3.2 Armour
 + Level 3.2 Dodging
 + Level 4.0 Stealth
 + Level 5.6 Shields
 + Level 3.2 Unarmed Combat
 + Level 4.3 Spellcasting
 + Level 2.6 Conjurations
 + Level 2.6 Hexes
 + Level 3.4 Summonings
 + Level 2.6 Necromancy
 + Level 2.6 Translocations
 + Level 2.6 Transmutations
 + Level 2.6 Fire Magic
 + Level 2.6 Ice Magic
 + Level 2.6 Air Magic
 + Level 2.6 Earth Magic
 + Level 2.6 Poison Magic
 + Level 3.5 Invocations
 + Level 3.2 Evocations


You had 11 spell levels left.
You knew the following spells:

 Your Spells              Type           Power      Damage    Failure   Level
a - Summon Small Mammal   Summ           48%        N/A       6%          1
b - Summon Guardian Gole  Hex/Summ       11%        N/A       21%         3

Your spell library contained the following spells:

 Spells                   Type           Power      Damage    Failure   Level


Dungeon Overview and Level Annotations

Branches:
Dungeon (6/15)             Temple (0/1) D:4

Altars:
Ashenzari
Dithmenos
Trog

Shops:
D:1 (

Annotations:
D:3 Ijyb
D:6 Edmund


Innate Abilities, Weirdness & Mutations

You are a tree.
Your roots penetrate the ground, keeping you stationary.
You cannot be teleported.
You are immune to unholy pain and torment.
Your maximum health is greatly increased.
Your equipment is partially melded.
((You have very sharp teeth.))
Your uncanny sense of smell can sniff out nearby items.
Your experience applies equally to all skills.
You expend magic power (3 MP) to strengthen your wands.


Message History

You closely miss Edmund.
Edmund is severely wounded.
The black bear bites you.
* * * LOW HITPOINT WARNING * * *
The black bear claws you but does no damage.
You block the black bear's attack. The white imp gestures at you.
The puff of frost hits you but does no damage.
Edmund hits you with a +2 flail of protection.
* * * LOW HITPOINT WARNING * * *
You hit Edmund but do no damage.
Edmund is severely wounded.
The white imp gestures at you.
The puff of frost hits you but does no damage.
The black bear bites you but does no damage.
The black bear claws you but does no damage. x2
Edmund hits you but does no damage.
The air fills with toxic fumes!
As you read the scroll of poison, it crumbles to dust.
The white imp hits you but does no damage.
The black bear bites you.
* * * LOW HITPOINT WARNING * * *
The black bear claws you but does no damage. x2
Edmund hits you but does no damage.
As you read the scroll labelled MIH OPOLAKOUTH, it crumbles to dust.
The scroll dissolves into smoke.
It was a scroll of fog.
You block the white imp's attack.
The black bear bites you but does no damage.
The black bear barely misses you.
The black bear claws you but does no damage.
Edmund hits you but does no damage.
As you read the scroll labelled WOEFEST ZENWENG, it crumbles to dust.
You cannot blink because you are held in place by your roots.
It was a scroll of blinking.
The black bear bites you but does no damage.
You block the black bear's attack.
The black bear claws you but does no damage.
You block the white imp's attack.
Edmund hits you with a +2 flail of protection.
You die...

#### #.##.#
.....#....#
..5...("###
#######5#.. ∆ #.#.#
#.#§# #§#§#########
#§§§h§§§§§§§##
###§@♣§§§§§§§.
#§59#####§## ##§§##
#.# #§§§## #.####
#§§§.###)##.####
#§§§§.....)....##
#§§§####.####...#..
#§§§##.....##......
##..#.......#.#####


You could see Edmund (ally target), a black bear, a white imp and a friendly
guardian golem (summoned).

Vanquished Creatures
  A fire bat (D:5)
  A black bear (D:5)
  An ogre (D:5)
  2 centaurs
  A phantom (D:5)
  Blork the orc (D:4)
  2 jellies (D:4)
  3 hounds
  A sleepcap (D:5)
  2 iguanas (D:5)
  7 adders
  An orc (D:5)
  4 endoplasms
  4 giant cockroaches
  7 goblins
  6 hobgoblins
  2 jackals (D:2)
  2 quokkas
  A ball python (D:4)
  2 frilled lizards (D:1)
  5 kobolds
  3 rats
59 creatures vanquished.

Vanquished Creatures (collateral kills)
  A scorpion (D:6)
  2 adders (D:2)
  A ball python (D:2)
  A hobgoblin (D:2)
  A jackal (D:2)
6 creatures vanquished.

Vanquished Creatures (others)
  Robin (D:4)
  An orc (D:5)
  2 goblins (D:4)
4 creatures vanquished.

Grand Total: 69 creatures vanquished

Notes
Turn   | Place    | Note
-------+----------+-------------------------------------------
     0 | D:1      | Reached skill level 10 in Throwing
     0 | D:1      | jtron the Gnoll Wanderer began the quest for the Orb.
     0 | D:1      | jtron set off with the following items: a +2 dagger, a
                  | curare-tipped dart, a +0 buckler, a potion of attraction, a
                  | +0 robe; and the following spell memorised: Summon Small
                  | Mammal; and the following spells available to memorise:
                  | Summon Guardian Golem.
     0 | D:1      | Reached XP level 1. HP: 13/13 MP: 4/4
   103 | D:1      | Found Megyzuah's Weapon Shoppe.
   196 | D:1      | Reached XP level 2. HP: 19/19 MP: 5/5
   557 | D:2      | Reached XP level 3. HP: 25/25 MP: 4/7
   692 | D:2      | Found a faded altar of an unknown god.
   697 | D:2      | Reached skill level 1 in Invocations
   916 | D:2      | Found a shadowy altar of Dithmenos.
   921 | D:2      | Became a worshipper of Dithmenos the Shadowed
   943 | D:2      | Reached skill level 1 in Fighting
   943 | D:2      | Reached skill level 1 in Short Blades
   943 | D:2      | Reached skill level 1 in Long Blades
   943 | D:2      | Reached skill level 1 in Axes
   943 | D:2      | Reached skill level 1 in Maces & Flails
   943 | D:2      | Reached skill level 1 in Polearms
   943 | D:2      | Reached skill level 1 in Staves
   943 | D:2      | Reached skill level 1 in Ranged Weapons
   943 | D:2      | Reached skill level 1 in Armour
   943 | D:2      | Reached skill level 1 in Dodging
   943 | D:2      | Reached skill level 1 in Unarmed Combat
   943 | D:2      | Reached skill level 1 in Evocations
   990 | D:2      | Reached XP level 4. HP: 32/32 MP: 2/8
  1155 | D:2      | Reached skill level 1 in Conjurations
  1155 | D:2      | Reached skill level 1 in Hexes
  1155 | D:2      | Reached skill level 1 in Necromancy
  1155 | D:2      | Reached skill level 1 in Translocations
  1155 | D:2      | Reached skill level 1 in Transmutations
  1155 | D:2      | Reached skill level 1 in Fire Magic
  1155 | D:2      | Reached skill level 1 in Ice Magic
  1155 | D:2      | Reached skill level 1 in Air Magic
  1155 | D:2      | Reached skill level 1 in Earth Magic
  1155 | D:2      | Reached skill level 1 in Poison Magic
  1437 | D:3      | Noticed Ijyb
  1459 | D:4      | Learned a level 3 spell: Summon Guardian Golem
  1467 | D:4      | Identified 3 scrolls of acquirement
  1468 | D:4      | Acquired a +0 pair of boots of flying
  1475 | D:4      | Acquired the +3 pair of gloves "Sogezxeg" {Rampage rF++
                  | Will- SInv}
  1487 | D:4      | Acquired the amulet "Bosaudgh" {Acrobat Drain rPois Str+7}
  1596 | D:4      | Noticed Robin
  1621 | D:4      | Killed Robin
  1635 | D:4      | Reached XP level 5. HP: 28/37 MP: 9/9
  1806 | D:4      | Reached * piety under Dithmenos
  1997 | D:4      | Noticed Blork the orc
  2013 | D:4      | Killed Blork the orc
  2014 | D:4      | Reached XP level 6. HP: 33/44 MP: 7/11
  2083 | D:4      | Reached skill level 5 in Shields
  2334 | D:4      | Found a staircase to the Ecumenical Temple.
  2380 | D:5      | Entered Level 5 of the Dungeon
  2631 | D:5      | Found a broken altar of Ashenzari.
  3052 | D:5      | Noticed Sigmund
  3055 | D:5      | Sigmund changed into Sigmund the swamp drake
  3055 | D:5      | Noticed Sigmund
  3069 | D:5      | Sigmund the swamp drake changed into Sigmund the fire bat
  3069 | D:5      | Noticed Sigmund
  3075 | D:5      | Reached XP level 7. HP: 48/51 MP: 9/12
  3080 | D:5      | Killed Sigmund the fire bat
  3518 | D:5      | Reached XP level 8. HP: 48/58 MP: 11/14
  3849 | D:6      | Found a bloodstained altar of Trog.
  4006 | D:6      | Noticed Edmund
  4040 | D:6      | Gained mutation: You expend magic power (3 MP) to
                  | strengthen your wands. [potion of mutation]
  4063 | D:6      | HP: 3/87 [Edmund/+2 flail of protection (2)]
  4067 | D:6      | Slain by Edmund

Illustrated notes

Levels and vault maps discovered:
D:1:      nagdon_arrival_double_spiral, layout_rooms, serial_shops,
          nicolae_shop_bloodbath_and_beyond
D:2:      layout_basic, hellmonk_ecumenical_altar_arch_garden, basic_altar
D:3:      layout_loops_ring, mainiacjoe_overflow_alcove_4, minmay_puff,
          uniq_ijyb, uniq_jessica, uniq_grinder
D:4:      layout_loops_ring, minmay_temple_entry_poolview, uniq_robin,
          uniq_blork_the_orc
D:5:      layout_rooms, lemuel_crystal_altar, uniq_sigmund
D:6:      layout_loops_ring, old_standard_altar, cheibrodos_sewer_entry_drain,
          kennysheep_small_circle, uniq_edmund

Skill      XL: |  1  2  3  4  5  6  7  8 |
---------------+-------------------------+-----
Throwing       | | 10.9
Summonings     | 2 3 |  3.4
Invocations    | 1 2 3 |  3.5
Fighting       | 1 2 3 |  3.2
Short Blades   | 1 2 3 |  3.2
Long Blades    | 1 2 3 |  3.2
Axes           | 1 2 3 |  3.2
Maces & Flails | 1 2 3 |  3.2
Polearms       | 1 2 3 |  3.2
Staves         | 1 2 3 |  3.2
Ranged Weapons | 1 2 3 |  3.2
Armour         | 1 2 3 |  3.2
Dodging        | 1 2 3 |  3.2
Unarmed Combat | 1 2 3 |  3.2
Evocations     | 1 2 3 |  3.2
Spellcasting   | 3 4 |  4.3
Conjurations   | 1 2 |  2.6
Hexes          | 1 2 |  2.6
Necromancy     | 1 2 |  2.6
Translocations | 1 2 |  2.6
Transmutations | 1 2 |  2.6
Fire Magic     | 1 2 |  2.6
Ice Magic      | 1 2 |  2.6
Air Magic      | 1 2 |  2.6
Earth Magic    | 1 2 |  2.6
Poison Magic   | 1 2 |  2.6
Stealth        | 3 4 |  4.0
Shields        | 5 |  5.6

Action                     |  1- 3 |  4- 6 |  7- 9 || total
---------------------------+-------+-------+-------++-------
  Melee: Dagger            |    49 |   172 |   102 ||   323
         Bite              |     3 |    15 |    19 ||    37
   Fire: Sling             |     4 |       |     3 ||     7
  Throw: Dart              |     2 |     3 |     4 ||     9
         Stone             |    10 |    40 |       ||    50
   Cast: Summon Small Mamm |    24 |    30 |    25 ||    79
         Summon Guardian G |       |     1 |     4 ||     5
  Evoke: Wand              |       |     3 |     1 ||     4
    Use: Scroll            |       |    15 |     3 ||    18
         Potion            |       |     4 |     3 ||     7
   Stab: Sleeping          |     5 |     3 |       ||     8
         Distracted        |       |     2 |       ||     2
 Armour: Robe              |    13 |    44 |    22 ||    79
         Skin              |       |     5 |    47 ||    52
  Dodge: Dodged            |    30 |    90 |    81 ||   201
  Block: Buckler           |    12 |    40 |    55 ||   107

Table legend: (Time is in decaauts)
 A = Elapsed time spent in this place.
 B = Non-inter-level travel time spent in this place.
 C = Inter-level travel time spent in this place.
 D = Time resting spent in this place.
 E = Time spent auto-exploring this place.
 F = Levels seen in this place.
 G = Mean time per level.
                   A        B        C        D        E       F      G
               +--------+--------+--------+--------+--------+-----+--------+
         Total |   4012 |   3825 |    187 |    810 |   1952 |   6 |  668.7 |
       Dungeon |   4012 |   3825 |    187 |    810 |   1952 |   6 |  668.7 |
               +--------+--------+--------+--------+--------+-----+--------+

Top non-repeatable levels by time:
     D:4: 1233 daAuts
     D:5: 1114 daAuts
     D:2: 885 daAuts
     D:1: 523 daAuts
     D:6: 226 daAuts
     D:3: 29 daAuts
